 Dungeon Crawl Stone Soup version 0.23.1 (webtiles) character file.

Game seed: 3648877012561023550

182 mralvaruus the Vexing (level 5, -1/37 HPs)
             Began as a Human Arcane Marksman on Mar 14, 2019.
             Slain by a centaur (4 damage)
             ... on level 5 of the Dungeon.
             The game lasted 00:26:57 (2438 turns).

mralvaruus the Vexing (Human Arcane Marksman)       Turns: 2438, Time: 00:26:57

Health: -1/37      AC:  4    Str: 11    XL:     5   Next: 93%
Magic:  9/9        EV: 12    Int: 14    God:
Gold:   63         SH:  0    Dex: 13    Spells: 5/9 levels left

rFire    . . .     SeeInvis .   d - +0 dagger (elec)
rCold    . . .     Gourm    .   (no shield)
rNeg     . . .     Faith    .   e - +1 robe
rPois    .         Spirit   .   (no helmet)
rElec    .         Reflect  .   (no cloak)
rCorr    .         Harm     .   i - +0 pair of gloves
MR       +....                  (no boots)
Stlth    +.........             (no amulet)
HPRegen  0.12/turn              c - ring of protection from magic
MPRegen  0.11/turn              (no ring)

@: no status effects
A: no striking features
a: no special abilities


You were on level 5 of the Dungeon.
You were hungry.

You visited 1 branch of the dungeon, and saw 5 of its levels.

You collected 63 gold pieces.

Inventory:

Hand Weapons
 a - a +0 hand crossbow
 d - a +0 dagger of electrocution (weapon)
Missiles
 h - 4 bolts (quivered)
Armour
 e - a +1 robe (worn)
 i - a +0 pair of gloves (worn)
Jewellery
 c - a ring of protection from magic (left hand)
Scrolls
 b - a scroll of remove curse
Potions
 k - 2 potions of curing
Comestibles
 f - 2 rations
 g - 4 chunks of flesh


   Skills:
 - Level 1.0 Fighting
 + Level 3.2 Crossbows
 - Level 2.0 Dodging
 + Level 2.7 Spellcasting
 * Level 4.5 Hexes


You had 5 spell levels left.
You knew the following spells:

 Your Spells              Type           Power        Failure   Level  Hunger
a - Corona                Hex            ##.....      3%          1    #......
b - Inner Flame           Hex/Fire       #.......     26%         3    ###....

Your spell library contained the following spells:

 Spells                   Type           Power        Failure   Level  Hunger
 Slow                     Hex            ##......     4%          2    ###....
 Portal Projectile        Hex/Tloc       #.....       26%         3    ###....
 Cause Fear               Hex            ##........   32%         4    #####..
 Leda's Liquefaction      Hex/Erth       #.........   65%         4    #####..


Dungeon Overview and Level Annotations

Branches:
Dungeon (5/15)
 Temple: D:4-7

Altars:


Message History

Your memorisation is interrupted.
* * * LOW HITPOINT WARNING * * *
You see here a jackal corpse.
There is a stone staircase leading down here.
You can't go up here!
The gnoll closely misses you.
You climb downwards.
An orc wizard and a centaur come into view.
Found a scroll labeled KEARRA LIRUVE.
Found an escape hatch in the floor.
There is a stone staircase leading up here.
An orc comes into view. It is wielding a +0 club.
The orc shouts!
As you read the scroll labeled KEARRA LIRUVE, it crumbles to dust.
It is a scroll of amnesia.
Okay, then.
The centaur hits you.
* * * LOW HITPOINT WARNING * * *
A sky beast comes into view.
The centaur hits you.
You die...

#. #?#######
###.#.....#
..........#
........#####
#.........o
Y#####..<..#
..o....@c.>#
.#####.###.#
... .# ###. .
#. #. #. ..
#. ## #.


You could see a sky beast (wandering), a centaur and an orc.

Vanquished Creatures
  A bullfrog (D:4)
  2 worker ants (D:4)
  An adder (D:3)
  An ooze (D:3)
  2 dart slugs (D:1)
  5 giant cockroaches
  5 goblins
  6 hobgoblins
  8 jackals
  2 quokkas
  A ball python (D:1)
  5 frilled lizards
  5 kobolds
  7 rats
51 creatures vanquished.

Notes
Turn   | Place    | Note
-------+----------+-------------------------------------------
     0 | D:1      | mralvaruus the Human Arcane Marksman began the quest for
                  | the Orb.
     0 | D:1      | Reached XP level 1. HP: 15/15 MP: 2/2
   144 | D:1      | Reached XP level 2. HP: 21/21 MP: 0/4
   646 | D:1      | Reached XP level 3. HP: 26/26 MP: 3/5
   794 | D:2      | Learned a level 3 spell: Inner Flame
  1874 | D:3      | Reached XP level 4. HP: 30/32 MP: 7/7
  2333 | D:4      | Reached skill level 4 in Hexes
  2345 | D:4      | Noticed a bullfrog
  2355 | D:4      | Killed a bullfrog
  2355 | D:4      | Reached XP level 5. HP: 15/37 MP: 5/8
  2436 | D:5      | Entered Level 5 of the Dungeon
  2436 | D:5      | Noticed a centaur
  2438 | D:5      | Noticed a sky beast
  2438 | D:5      | Slain by a centaur

Skill      XL: |  1  2  3  4 |
---------------+-------------+-----
Spellcasting   | 2 |  2.7
Hexes          | 4 |  4.5
Crossbows      | 3 |  3.2
Fighting       | |  1.0
Dodging        | |  2.0

Action                   |  1- 3 |  4- 6 || total
-------------------------+-------+-------++-------
Melee: Hand crossbow     |    24 |       ||    24
       Hand axe          |     6 |    20 ||    26
       Club              |     2 |       ||     2
       Dagger            |       |    49 ||    49
 Fire: Hand crossbow     |    75 |     8 ||    83
 Cast: Corona            |    34 |     7 ||    41
  Use: Scroll            |     4 |     2 ||     6
       Potion            |     2 |       ||     2
  Eat: Chunk             |     2 |       ||     2
       Ration            |     1 |       ||     1
Armor: Robe              |    35 |    21 ||    56
Dodge: Dodged            |    89 |    63 ||   152
